 Dungeon Crawl Stone Soup version 0.27.1 (webtiles) character file.

Game seed: 620683501301824625

469 Malachi the Digger (level 7, -5/41 HPs)
             Began as an Octopode Earth Elementalist on Aug 29, 2021.
             Slain by Edmund (18 damage)
             ... on level 4 of the Dungeon.
             The game lasted 00:06:27 (5478 turns).

Malachi the Digger (Octopode Earth Elementalist)    Turns: 5478, Time: 00:06:28

Health: -5/41      AC:  1    Str:  7    XL:     7   Next: 9%
Magic:  1/12       EV: 13    Int: 20    God:
Gold:   1180       SH:  0    Dex: 12    Spells: 7/13 levels left

rFire    . . .     SeeInvis +   m - +1 dagger (elec)
rCold    . . .     Faith    .   (no shield)
rNeg     . . .     Spirit   .   (helmet restricted)
rPois    .         Reflect  .   n - amulet of magic regeneration
rElec    .         Harm     .   c - ring of see invisible
rCorr    .         Rampage  .   (no ring)
Will     .....                  (no ring)
Stlth    ++++......             (no ring)
HPRegen  0.13/turn              (no ring)
MPRegen  0.38/turn              (no ring)
                                (no ring)
                                (no ring)

@: lethally poisoned (-5 -> -14)
A: almost no armour, amphibious, 8 rings, camouflage 1, gelatinous body 1,
(nimble swimmer 1), tentacles
a: no special abilities


You were on level 4 of the Dungeon.
You visited 1 branch of the dungeon, and saw 4 of its levels.

You collected 1243 gold pieces.
You spent 63 gold pieces at shops.

Inventory:

Hand Weapons
 m - a +1 dagger of electrocution (weapon)
Missiles
 b - 63 stones
 e - 35 poisoned darts
Magical Staves
 g - a staff of cold
Jewellery
 c - a ring of see invisible (left tentacle)
 n - an amulet of magic regeneration (around mantle)
Scrolls
 a - a scroll of brand weapon
 f - a scroll of blinking
 h - a scroll of enchant armour
 l - a scroll of fog
 o - a scroll of teleportation {unknown}
Potions
 d - a potion of berserk rage {unknown}
 i - 2 potions of attraction {unknown}
 j - a potion of heal wounds {unknown}
 k - a potion of invisibility {unknown}


   Skills:
 - Level 2.0 Dodging
 + Level 5.6 Stealth
 + Level 3.7 Spellcasting
 - Level 1.0 Transmutations
 * Level 5.9 Earth Magic


You had 7 spell levels left.
You knew the following spells:

 Your Spells              Type           Power      Damage    Failure   Level
a - Sandblast             Erth           54%        2d13      1%          1
b - Passwall              Tmut/Erth      14%        N/A       4%          2
c - Stone Arrow           Conj/Erth      30%        3d8       12%         3

Your spell library contained the following spells:

 Spells                   Type           Power      Damage    Failure   Level
 Apportation              Tloc           6%         N/A       13%         1
 Freeze                   Ice            12%        1d4       13%         1
 Petrify                  Tmut/Erth      17%        N/A       30%         4
 Frozen Ramparts          Ice            6%         1d2       36%         3
 Hailstorm                Conj/Ice       3%         3d3       78%         4
 Alistair's Intoxication  Tmut/Pois      3%         N/A       96%         5
 Invisibility             Hex            1%         N/A       100%        6


Dungeon Overview and Level Annotations

Branches:
Dungeon (4/15)
 Temple: D:4-7

Altars:
Qazlal
Wu Jian

Shops:
D:3 *

Annotations:
D:4 Edmund


Innate Abilities, Weirdness & Mutations

You cannot wear most types of armour.
You are amphibious.
You can wear up to eight rings at the same time.
Your skin changes colour to match your surroundings (Stealth+).
Your rubbery body absorbs attacks. (AC +1, EV +1)
((You are camouflaged near water. (Stealth+)))
You have tentacles for arms and can constrict up to eight enemies at once.


Message History

Hit: m) +1 dagger (elec)
Press: ? - help, Dir - move target, f - Edmund
Aim: Edmund, wielding a +6 flail of venom and wearing a +0 leather armour (strong, about 37% to evade your +1 dagger of electrocution)
Okay, then.
Casting: Sandblast (safe; 1% risk of failure)
Confirm with . or Enter, or press ? or * to list all spells.
Aiming: Stone Arrow (dangerous; 12% risk of failure)
Press: ? - help, Shift-Dir - straight line, f - Edmund
Aim: Edmund, wielding a +6 flail of venom and wearing a +0 leather armour (strong, 68% to hit)
The stone arrow hits Edmund!
Edmund is moderately wounded.
Edmund misses you.
Casting: Stone Arrow (dangerous; 12% risk of failure)
Confirm with . or Enter, or press ? or * to list all spells.
Aiming: Stone Arrow (dangerous; 12% risk of failure)
Press: ? - help, Shift-Dir - straight line, f/p - Edmund
Aim: Edmund, wielding a +6 flail of venom and wearing a +0 leather armour (moderately wounded, strong, 68% to hit)
The stone arrow hits Edmund!
Edmund is heavily wounded.
Edmund hits you with a +6 flail of venom!
You are poisoned.
Casting: Stone Arrow (dangerous; 12% risk of failure)
Confirm with . or Enter, or press ? or * to list all spells.
Aiming: Stone Arrow (dangerous; 12% risk of failure)
Press: ? - help, Shift-Dir - straight line, f/p - Edmund
Aim: Edmund, wielding a +6 flail of venom and wearing a +0 leather armour (heavily wounded, strong, 68% to hit)
The stone arrow hits Edmund!
Edmund is almost dead.
You feel very sick.
Edmund hits you with a +6 flail of venom!
Casting: Stone Arrow (dangerous; 12% risk of failure)
Confirm with . or Enter, or press ? or * to list all spells.
Aiming: Stone Arrow (dangerous; 12% risk of failure)
Press: ? - help, Shift-Dir - straight line, f/p - Edmund
Aim: Edmund, wielding a +6 flail of venom and wearing a +0 leather armour (almost dead, strong, 68% to hit)
The stone arrow hits Edmund.
Edmund is almost dead.
You feel very sick.
Edmund hits you with a +6 flail of venom!!
You die...

########## #........#
###### #..##....###
####.K).# ##.........#
#...<...### ####....#..
..........## ####....###
........#o.### #.......#
........##@..#####.##....#
......####.@.......###...#
.....# ##..#>..#####...###
#..?# ##................
##.## ####.##....##..###
#... ##....#####..##.# #.#
#..#### ##..#.# #.#
###.###### ##...###
#.###...# #... ###..##
#.#...### #... #....


You could see Edmund (strong), an orc and a kobold (asleep).

Vanquished Creatures
  2 black bears
  Blork the orc (D:4)
  A hound (D:4)
  An orc priest (D:3)
  An orc wizard (D:3)
  6 adders
  2 dart slugs (D:2)
  6 orcs
  7 bats
  5 endoplasms
  5 giant cockroaches
  6 goblins
  3 hobgoblins
  6 quokkas
  8 ball pythons
  3 frilled lizards
  A jackal skeleton (D:4)
  9 kobolds
  3 rats
76 creatures vanquished.

Vanquished Creatures (others)
  4 plants (D:3)
4 creatures vanquished.

Grand Total: 80 creatures vanquished

Notes
Turn   | Place    | Note
-------+----------+-------------------------------------------
     0 | D:1      | Malachi the Octopode Earth Elementalist began the quest for
                  | the Orb.
     0 | D:1      | Reached XP level 1. HP: 11/11 MP: 3/3
   224 | D:1      | Found a faded altar of an unknown god.
   403 | D:1      | Reached XP level 2. HP: 14/17 MP: 3/5
  1587 | D:2      | Found an ornate altar of the Wu Jian Council.
  1591 | D:2      | Reached XP level 3. HP: 21/21 MP: 4/6
  1594 | D:2      | Learned a level 2 spell: Passwall
  1598 | D:2      | Learned a level 3 spell: Stone Arrow
  2332 | D:2      | Reached XP level 4. HP: 27/27 MP: 4/7
  3272 | D:3      | Found Jownesti's Assorted Antiques.
  3278 | D:3      | Noticed a black bear
  3782 | D:3      | Found a stormy altar of Qazlal.
  4342 | D:3      | Reached XP level 5. HP: 27/31 MP: 6/9
  4542 | D:3      | Killed a black bear
  4543 | D:3      | Reached skill level 5 in Earth Magic
  4543 | D:3      | Reached XP level 6. HP: 36/36 MP: 4/10
  4552 | D:3      | Bought a scroll labelled ANEOKH POUHEO for 21 gold pieces
  4552 | D:3      | Bought a scroll labelled ANEOKH POUHEO for 21 gold pieces
  4552 | D:3      | Bought a scroll labelled ANEOKH POUHEO for 21 gold pieces
  4553 | D:3      | Identified a scroll of acquirement
  4561 | D:3      | Acquired 1122 gold pieces
  4907 | D:4      | Reached skill level 5 in Stealth
  5327 | D:4      | Noticed a black bear
  5331 | D:4      | Killed a black bear
  5409 | D:4      | Noticed Blork the orc
  5414 | D:4      | Killed Blork the orc
  5415 | D:4      | Reached XP level 7. HP: 41/41 MP: 10/12
  5468 | D:4      | Noticed Edmund
  5478 | D:4      | Slain by Edmund

Illustrated notes

Levels and vault maps discovered:
D:1:      minmay_arrival_stone_box, layout_basic,
          ebering_ecumenical_altar_petrified
D:2:      layout_basic, basic_altar, hex_tiny
D:3:      layout_basic, mainiacjoe_overflow_boulevard, serial_shops,
          nicolae_shop_overgrown_old_shop, minmay_misc_feat_alley,
          wad_floor_pattern_2, st_stairs_11
D:4:      layout_rooms, uniq_edmund, uniq_blork_the_orc

Skill      XL: |  1  2  3  4  5  6 |
---------------+-------------------+-----
Stealth        | 3 4 5 |  5.6
Earth Magic    | 4 5 |  5.9
Spellcasting   | 3 |  3.7
Dodging        | |  2.0
Transmutations | |  1.0

Action                   |  1- 3 |  4- 6 |  7- 9 || total
-------------------------+-------+-------+-------++-------
Melee: Unarmed           |    58 |    26 |       ||    84
       Constrict         |    17 |    16 |       ||    33
       Tentacles         |     8 |     7 |       ||    15
       Dagger            |       |    29 |       ||    29
 Cast: Sandblast         |    28 |    37 |       ||    65
       Stone Arrow       |       |     1 |     4 ||     5
  Use: Scroll            |       |     7 |       ||     7
 Stab: Sleeping          |     5 |     8 |       ||    13
Armor: Skin              |     6 |     6 |       ||    12
Dodge: Dodged            |    46 |    44 |     1 ||    91
